 Dungeon Crawl Stone Soup version 0.30.1 (webtiles) character file.

Game seed: 3162667622929667700

27901 AgateBread the Destroyer (level 13, 0/78 HPs)
             Began as a Tengu Air Elementalist on July 7, 2023.
             Slain by a death yak (9 damage)
             ... while petrified by a catoblepas
             ... on level 5 of the Lair of Beasts.
             The game lasted 01:59:21 (27230 turns).

AgateBread the Destroyer (Tengu Air Elementalist)  Turns: 27230, Time: 01:59:21

Health: 0/78       AC: 13    Str: 15    XL:     13   Next: 35%
Magic:  27/28      EV:  2    Int: 26    God:
Gold:   53         SH:  0    Dex: 15    Spells: 16/32 levels left

rFire   . . .        J - staff of poison
rCold   . . .        (no shield)
rNeg    + + +        D - +3 scale mail {Will+}
rPois   ∞            (helmet restricted)
rElec   .            Q - +0 cloak
rCorr   .            (no gloves)
SInv    .            (boots unavailable)
Will    +....        c - amulet of magic regeneration Stlth
                     l - +6 ring of intelligence
HPRegen 0.33/turn    R - +6 ring of strength
MPRegen 0.61/turn

%: no passive effects
@: confused, swift, petrified, ambrosia-drunk, flying quickly and evasively,
very quick
A: beak, talons 3, nimble flight
a: no special abilities


You were on level 5 of the Lair of Beasts.
You visited 3 branches of the dungeon, and saw 14 of its levels.

You collected 885 gold pieces.
You spent 832 gold pieces at shops.

Inventory:

Hand Weapons
 g - the +3 Elemental Staff {rElec rF+ rC+ AC+3}
   (You acquired it on level 5 of the Dungeon)

   It enhances your fire, ice, earth and air magic.
   AC:        It affects your AC (+3).
   rF:        It protects you from fire.
   rC:        It protects you from cold.
   rElec:     It insulates you from electricity.
 o - the +4 dagger "Xealuv" {protect, rC+}
   (You found it on level 2 of the Dungeon)

   rC:        It protects you from cold.
 u - a +0 rapier of flaming
 v - a +1 short sword of electrocution
 A - a +2 dagger of venom
 K - a +0 morningstar of pain
 M - a +0 long sword
 N - a +2 rapier of speed
Missiles
 w - 9 poisoned darts
 P - 5 datura-tipped darts
Armour
 q - a +0 chain mail
 D - a +3 scale mail of willpower (worn)
 F - the +0 tower shield of the Moon Troll {Rampage}
   (You found it on level 1 of the Lair of Beasts)

   Rampage:   It bestows one free step when moving towards enemies.
 L - +0 swamp dragon scales
 Q - a +0 cloak (worn)
Magical Staves
 J - a staff of poison (weapon)
Jewellery
 c - an amulet of magic regeneration (around neck)
 h - an amulet of reflection
 l - a +6 ring of intelligence (left hand)
 y - a +4 ring of slaying
 R - a +6 ring of strength (right hand)
Wands
 a - a wand of flame (8)
 t - a wand of digging (3)
 G - a wand of polymorph (4)
 I - a wand of roots (12)
Scrolls
 d - 2 scrolls of brand weapon
 i - a scroll of enchant armour
 j - 2 scrolls of silence
 k - 3 scrolls of magic mapping
 m - 2 scrolls of enchant weapon
 r - 3 scrolls of vulnerability
 B - 2 scrolls of amnesia
 C - a scroll of poison
 S - a scroll of fog
 T - 2 scrolls of butterflies
Potions
 e - 2 potions of ambrosia
 f - 2 potions of resistance
 n - a potion of invisibility
 p - 6 potions of curing
 s - 2 potions of haste
 x - a potion of magic
 z - 2 potions of lignification
 E - 3 potions of attraction
 H - a potion of berserk rage
 O - a potion of mutation {unknown}


   Skills:
 - Level 7.8 Fighting
 + Level 10.9 Armour
 + Level 4.9 Dodging
 - Level 2.0 Stealth
 - Level 10.0 Spellcasting
 - Level 12.0 Conjurations
 + Level 10.2 Fire Magic
 - Level 10.0 Air Magic


You had 16 spell levels left.
You knew the following spells:

 Your Spells              Type           Power      Damage    Failure   Level
a - Shock                 Conj/Air       100%       1d9       1%          1
b - Static Discharge      Conj/Air       100%       2-7/arc   1%          2
c - Airstrike             Air            30%        2d(5-21)  2%          4
d - Starburst             Conj/Fire      31%        6d10      22%         6
e - Swiftness             Air            60%        N/A       1%          3

Your spell library contained the following spells:

 Spells                   Type           Power      Damage    Failure   Level
 Dazzling Flash           Conj/Hex       88%        N/A       3%          3
 Hailstorm                Conj/Ice       44%        3d10      3%          3
 Volatile Blastmotes      Fire/Tloc      78%        2d16      4%          3
 Fulminant Prism          Conj/Hex       22%        3d12      11%         4
 Iskenderun's Mystic Bla  Conj/Tloc      44%        2d10      11%         4
 Freeze                   Ice            52%        1d6       13%         1
 Frozen Ramparts          Ice            26%        1d4       36%         3
 Lee's Rapid Deconstruct  Erth           6%         3d6*      98%         5


Dungeon Overview and Level Annotations

Branches:
Dungeon (8/15)             Temple (1/1) D:7            Lair (5/5) D:8
  Swamp (0/4) Lair:3       Spider (0/4) Lair:3
  Slime: Lair:4-5

Altars:
Ashenzari
Cheibriados
Dithmenos
Elyvilon
Fedhas
Hepliaklqana
Makhleb
Nemelex Xobeh
Okawaru
Qazlal
Ru
Sif Muna
Trog
Vehumet
Wu Jian
Xom
Yredelemnul
Zin
The Shining One

Shops:
D:3 =   D:5 ?((

Annotations:
Lair:2 3 runed translucent doors, jurchenman's ghost, journeyman DECj


Innate Abilities, Weirdness & Mutations

You have a beak for a mouth.
You have claws for feet.
Your magical nature lets you fly swiftly and evasively.


Message History

The death yak is engulfed in poison gas.
The death yak looks even sicker.
The death yak gores you!
* * * LOW HITPOINT WARNING * * *
You have turned to stone.
You are engulfed in calcifying dust.
The death yak is engulfed in poison gas.
The death yak looks as sick as possible!
The death yak gores you!
* * * LOW HITPOINT WARNING * * *
The death yak is engulfed in poison gas.
The death yak looks as sick as possible!
The death yak gores you!
* * * LOW HITPOINT WARNING * * *
The catoblepas is engulfed in poison gas.
The catoblepas looks as sick as possible!
The catoblepas gores you but does no damage.
You are engulfed in calcifying dust.
The death yak is engulfed in poison gas.
The death yak looks as sick as possible!
The death yak gores you but does no damage.
The death yak is engulfed in poison gas.
The death yak looks as sick as possible!
The death yak gores you!!
* * * LOW HITPOINT WARNING * * *
The catoblepas is engulfed in poison gas.
The catoblepas looks as sick as possible!
You kill the catoblepas!
You are engulfed in calcifying dust.
The death yak is engulfed in poison gas.
The death yak looks as sick as possible!
The death yak gores you but does no damage.
The death yak is engulfed in poison gas.
The death yak looks as sick as possible!
The death yak gores you!
* * * LOW HITPOINT WARNING * * *
You kill the death yak!
The death yak is engulfed in poison gas.
The death yak looks as sick as possible!
The death yak gores you!!
You die...

# .÷.. #..## #. #... #
##..# #.##...##.# #...#
#.#..Y...# ##○†##
##..÷.....#. ###○☼##
#...Y÷YY.... ###°○○##
##..P.### ###.☼○○§#
#..P..Y.#######○.°§☼°##
###.P##.☼.§...§@○°.☼##
### ##°☼P.○○Y○☼☼☼##
##P.P.####### ######


You could see a death yak (extremely poisoned).

Vanquished Creatures
  4 hydras
  A catoblepas (Lair:5)
  A boulder beetle (Lair:4)
  A death yak (Lair:5)
  Pikel (D:8)
  An oklob plant (Lair:1)
  Maurice (D:8)
  5 elephants
  A black mamba (Lair:2)
  14 cane toads
  Maggie (D:6)
  A rime drake (Lair:4)
  5 komodo dragons
  Grinder (D:6)
  3 polar bears (Lair:5)
  8 blink frogs
  3 dream sheep (Lair:4)
  Sigmund (D:6)
  3 wyverns
  A basilisk (Lair:1)
  42 yaks
  A steam dragon (D:8)
  Edmund (D:4)
  13 water moccasins
  A sky beast (D:6)
  3 black bears
  14 wolves
  2 ogres
  3 centaurs
  A phantom (D:5)
  A kobold brigand (D:8)
  15 bullfrogs
  5 killer bees (D:7)
  2 electric eels
  A howler monkey (D:5)
  A sleepcap (D:6)
  A jelly (D:6)
  Crazy Yiuf (D:7)
  2 gnoll boudas
  3 orc priests
  2 hounds
  Ijyb (D:4)
  2 iguanas
  4 orc wizards
  Natasha (thrice) (D:4)
  4 adders
  2 white imps (D:6)
  An adder skeleton (D:2)
  2 worms
  4 dart slugs
  29 orcs
  A bat zombie (D:2)
  9 endoplasms
  4 giant cockroaches
  8 goblins
  12 hobgoblins
  4 jackals
  4 quokkas
  9 ball pythons
  3 ball python skeletons (D:2)
  6 bats
  3 frilled lizards
  11 kobolds
  A quokka skeleton (D:2)
  A quokka zombie (D:2)
  3 rats
303 creatures vanquished.

Vanquished Creatures (others)
  A cane toad (Lair:2)
1 creature vanquished.

Grand Total: 304 creatures vanquished

Notes
Turn   | Place    | Note
-------+----------+-------------------------------------------
     0 | D:1      | AgateBread the Tengu Air Elementalist began the quest for
                  | the Orb.
     0 | D:1      | Reached XP level 1. HP: 10/10 MP: 4/4
   689 | D:1      | Reached XP level 2. HP: 15/15 MP: 0/6
   869 | D:1      | Found a faded altar of an unknown god.
  1026 | D:1      | Reached skill level 1 in Armour
  1046 | D:1      | Reached XP level 3. HP: 17/19 MP: 1/7
  1486 | D:1      | Learned a level 2 spell: Static Discharge
  2131 | D:2      | Reached XP level 4. HP: 24/24 MP: 3/9
  2443 | D:2      | Reached skill level 5 in Air Magic
  2469 | D:2      | Identified the +4 dagger "Xealuv" {protect, rC+}
  3737 | D:3      | Found Paoh's Jewellery Shoppe.
  3810 | D:3      | Gained mutation: Your magical nature lets you fly swiftly
                  | and evasively. [Tengu growth]
  3810 | D:3      | Reached XP level 5. HP: 28/28 MP: 8/10
  4403 | D:4      | Noticed Ijyb
  4417 | D:4      | Killed Ijyb
  4694 | D:4      | Noticed Edmund
  4718 | D:4      | Killed Edmund
  4719 | D:4      | Reached XP level 6. HP: 19/32 MP: 9/12
  4861 | D:4      | Noticed Natasha
  4898 | D:4      | Killed Natasha
  4956 | D:4      | Noticed Natasha
  4964 | D:4      | Killed Natasha
  5172 | D:4      | Noticed Natasha
  5178 | D:4      | Killed Natasha
  5193 | D:5      | Entered Level 5 of the Dungeon
  5298 | D:5      | Reached XP level 7. HP: 36/36 MP: 10/14
  5333 | D:5      | Found Tetehogah's Magic Scroll Boutique.
  5342 | D:5      | Bought a scroll of blinking for 112 gold pieces
  5432 | D:5      | Found Iweucesy's Weapon Emporium.
  5514 | D:5      | Found Luifat's Weapon Boutique.
  5818 | D:5      | Found a white marble altar of Elyvilon.
  5929 | D:6      | Learned a level 4 spell: Airstrike
  6275 | D:6      | Noticed Maggie
  6346 | D:6      | Noticed Grinder
  6349 | D:6      | Killed Grinder
  6350 | D:6      | Reached skill level 5 in Armour
  6350 | D:6      | Reached skill level 5 in Spellcasting
  6350 | D:6      | Reached XP level 8. HP: 41/41 MP: 16/16
  6672 | D:6      | Noticed Sigmund
  6676 | D:6      | Killed Sigmund
  7010 | D:6      | Killed Maggie
  7011 | D:6      | Reached XP level 9. HP: 25/45 MP: 10/19
  8611 | D:7      | Found a broken altar of Ashenzari.
  8863 | D:7      | Reached skill level 10 in Air Magic
  9399 | D:7      | Found a staircase to the Ecumenical Temple.
  9452 | Temple   | Entered the Ecumenical Temple
 10312 | D:7      | Found a runed translucent door.
 10313 | D:7      | Noticed Crazy Yiuf
 10319 | D:7      | Killed Crazy Yiuf
 10733 | D:8      | Noticed Pikel
 10739 | D:8      | Killed Pikel
 10740 | D:8      | Reached XP level 10. HP: 50/50 MP: 5/24
 11134 | D:8      | Noticed Maurice
 11154 | D:8      | Killed Maurice
 11185 | D:8      | Learned a level 6 spell: Starburst
 11270 | D:8      | Reached skill level 2 in Conjurations
 11293 | D:8      | Found a bloodstained altar of Trog.
 11351 | D:8      | Found a sacrificial altar of Ru.
 11354 | D:8      | Reached skill level 1 in Fighting
 11469 | D:8      | Reached skill level 10 in Spellcasting
 11469 | D:8      | Reached skill level 3 in Conjurations
 11470 | D:8      | Found a staircase to the Lair.
 11514 | D:8      | Reached skill level 4 in Conjurations
 11957 | D:8      | Reached skill level 5 in Conjurations
 12089 | D:8      | Found a radiant altar of Vehumet.
 12265 | Lair:1   | Entered Level 1 of the Lair of Beasts
 12271 | Lair:1   | Identified the +0 tower shield of the Moon Troll {Rampage}
 12621 | Lair:1   | Reached skill level 1 in Fire Magic
 12799 | Lair:1   | Noticed a cane toad
 12804 | Lair:1   | Killed a cane toad
 12805 | Lair:1   | Reached skill level 6 in Conjurations
 12856 | Lair:1   | Reached XP level 11. HP: 55/62 MP: 15/26
 12897 | Lair:1   | Noticed a four-headed hydra
 12925 | Lair:1   | Reached skill level 5 in Fighting
 12939 | Lair:1   | Reached skill level 7 in Conjurations
 13569 | Lair:1   | Noticed an oklob plant
 13853 | Lair:1   | Killed an oklob plant
 14018 | Lair:1   | Killed a four-headed hydra
 14019 | Lair:1   | Reached skill level 8 in Conjurations
 14028 | Lair:1   | Reached skill level 5 in Fire Magic
 15130 | Lair:2   | Reached skill level 9 in Conjurations
 15513 | Lair:2   | Found a runed translucent gate.
 15513 | Lair:2   | Found a runed translucent gate.
 15513 | Lair:2   | Found a runed translucent gate.
 15514 | Lair:2   | Noticed a 12-headed hydra
 15514 | Lair:2   | Noticed jurchenman's ghost (journeyman DECj)
 15514 | Lair:2   | Noticed a ten-headed hydra
 15675 | Lair:1   | HP: 3/67 [cane toad (12)]
 15679 | Lair:1   | Reached XP level 12. HP: 10/72 MP: 11/27
 16541 | Lair:2   | Reached skill level 10 in Conjurations
 19324 | Lair:2   | Learned a level 3 spell: Swiftness
 19390 | Lair:3   | Found a hole to the Spider Nest.
 19653 | Lair:3   | Reached skill level 11 in Conjurations
 20163 | Lair:3   | Found a staircase to the Swamp.
 20536 | Lair:4   | You are sucked into a shaft and drop 1 floor!
 20536 | Lair:5   | Entered Level 5 of the Lair of Beasts
 20545 | Lair:5   | Noticed a five-headed hydra
 20554 | Lair:5   | Noticed a boulder beetle
 23340 | Lair:4   | Noticed a four-headed hydra
 23354 | Lair:4   | Killed a four-headed hydra
 23781 | Lair:5   | Found a stormy altar of Qazlal.
 23794 | Lair:5   | Noticed a five-headed hydra
 24320 | Lair:5   | Noticed a death yak
 24320 | Lair:5   | Noticed a death yak
 24509 | Lair:4   | Reached skill level 12 in Conjurations
 24532 | Lair:4   | Reached skill level 10 in Armour
 25365 | D:5      | Bought a scroll of amnesia for 60 gold pieces
 25365 | D:5      | Bought a scroll of identify for 30 gold pieces
 25365 | D:5      | Bought a scroll of identify for 30 gold pieces
 25365 | D:5      | Bought a scroll of fog for 60 gold pieces
 25365 | D:5      | Bought a scroll of poison for 60 gold pieces
 25365 | D:5      | Bought a scroll of butterflies for 60 gold pieces
 25365 | D:5      | Bought a scroll of butterflies for 60 gold pieces
 25365 | D:5      | Identified a scroll of acquirement
 25367 | D:5      | Acquired the +3 Elemental Staff {rElec rF+ rC+ AC+3}
 25367 | D:5      | Found the +3 Elemental Staff {rElec rF+ rC+ AC+3}
 25447 | D:3      | Bought a +6 ring of strength for 360 gold pieces
 25747 | Lair:5   | Noticed a five-headed hydra
 25778 | Lair:4   | Reached XP level 13. HP: 44/78 MP: 17/28
 26446 | Lair:5   | Reached skill level 10 in Fire Magic
 27230 | Lair:5   | Slain by a death yak

Illustrated notes

Levels and vault maps discovered:
D:1:      dpeg_arrival_boxorama, layout_basic,
          hellmonk_ecumenical_altar_inner_sanctum, chequers_mini_garden
D:2:      layout_rooms, serial_undead, serial_undead_a, serial_undead_a,
          serial_undead_a, serial_undead_e, serial_undead_d, serial_undead_e
D:3:      layout_rooms, serial_shops, shop
D:4:      layout_cave_pools, kennysheep_opposing_triangles, uniq_edmund,
          uniq_natasha, uniq_ijyb
D:5:      layout_loops_cross, kennysheep_mini, serial_glass, glass_columns_c,
          glass_columns_b, serial_shops, nicolae_shop_stone,
          nicolae_shop_tiny_glass, shop
D:6:      layout_loops_ring, uniq_sigmund, uniq_maggie, uniq_grinder
D:7:      layout_cave_pools, lemuel_round_altar, temple_green,
          uniq_crazy_yiuf_cottage
D:8:      layout_gridville, marbit_many_paths,
          nicolae_ru_great_annihilating_truth, amcnicky_altar_gilded,
          david_lair_shrubbed, uniq_maurice, uniq_pikel
Temple:   jpeg_temple_clearing
Lair:1:   layout_loops_ring, beast_lair_carwin_9, infiniplex_staircase_pool
Lair:2:   layout_layer_cave, gammafunk_ghost_hydra_chop, beast_lair_carwin_5,
          grunt_megastairs_2, lemuel_fruit_tree
Lair:3:   layout_misc_corridors, swamp_mist, spider_nest_entry_a,
          grunt_megastairs_1
Lair:4:   cheibrodos_lair_river_kwai, layout_gridlike,
          chequers_serial_rivers_room_b, dreamdust_gnoll_shepherd,
          serial_bayou_shore_a
Lair:5:   grunt_lair_end_beastmaster, layout_regular_city,
          dpeg_slime_entry_enclosed, basic_altar, serial_bayou_shore_b,
          lemuel_fruit_fields

Skill      XL: |  1  2  3  4  5  6  7  8  9 10 11 12 13 |
---------------+----------------------------------------+-----
Armour         | 1 2 3 4 5 6 8 10 | 10.9
Air Magic      | 5 6 8 9 10 | 10.0
Spellcasting   | 3 4 5 6 9 10 | 10.0
Conjurations   | 6 9 12 | 12.0
Fighting       | 4 7 |  7.8
Fire Magic     | 2 6 9 10 | 10.2
Dodging        | 4 |  4.9
Stealth        | |  2.0

Action                     |  1- 3 |  4- 6 |  7- 9 | 10-12 | 13-15 || total
---------------------------+-------+-------+-------+-------+-------++-------
  Melee: Unarmed           |    11 |       |       |       |       ||    11
         Kick              |     9 |    21 |    17 |    76 |    10 ||   133
         Hand axe          |     2 |       |       |       |       ||     2
         Whip              |    14 |    13 |       |       |       ||    27
         Dagger            |       |    30 |    50 |    39 |       ||   119
         Peck              |       |     8 |    11 |    49 |     6 ||    74
         Short sword       |       |    32 |       |    82 |       ||   114
         Punch             |       |       |     1 |     1 |       ||     2
         Rapier            |       |       |       |    28 |       ||    28
         Staff             |       |       |       |     1 |    23 ||    24
  Throw: Dart              |       |     7 |     2 |     2 |     1 ||    12
   Cast: Shock             |    61 |    84 |    23 |     4 |       ||   172
         Static Discharge  |     2 |     5 |       |     1 |     2 ||    10
         Airstrike         |       |       |    51 |   345 |    62 ||   458
         Swiftness         |       |       |       |     1 |     1 ||     2
  Evoke: Wand              |       |       |     8 |    16 |       ||    24
    Use: Scroll            |     1 |     4 |     4 |    20 |     1 ||    30
         Potion            |       |     3 |     3 |    11 |     1 ||    18
   Stab: Sleeping          |       |       |     1 |       |       ||     1
 Armour: Robe              |    13 |     4 |       |       |       ||    17
         Leather armour    |       |       |     6 |       |       ||     6
         Swamp dragon scal |       |       |     3 |    77 |       ||    80
         Scale mail        |       |       |       |     8 |    30 ||    38
  Dodge: Dodged            |    22 |    46 |    34 |   179 |    13 ||   294
  Block: Other             |       |    12 |     7 |       |       ||    19
